[Event "Titled Tuesday Blitz June 27 Late 2023"]
[White "Martinez Reyes, Pedro Ramon"]
[Black "Vlassov, Nikolai"]
[WhiteFideId "3901807"]
[BlackFideId "4103360"]
[WhiteElo "2531"]
[BlackElo "2635"]
[Result "0-1"]
[Round "6"]
[TimeControl "180+2"]
[Date "2023.06.27"]
[WhiteClock "0:00:00"]
[BlackClock "0:00:47"]
[Board "64"]

1. e4 Nc6 2. Nf3 d5 3. exd5 Qxd5 4. Nc3 Qa5 5. Bb5 Bd7 6. d4 a6 7. Bd3 O-O-O 8. Bd2 Bg4 9. d5 Nb4 10. Be2 Nxd5 11. O-O Nf4 12. h3 Nxe2+ 13. Nxe2 Bxf3 14. Bxa5 Rxd1 15. Rfxd1 Bxe2 16. Rd2 b6 17. Bc3 Bb5 18. Rad1 Nf6 19. Rd8+ Kb7 20. g4 h6 21. b3 Ne4 22. Be5 Nd6 23. c4 Bc6 24. c5 bxc5 25. Rc1 f6 26. Bb2 e5 27. Ba3 Nf7 28. Rd2 Bd6 29. Bxc5 Bxc5 30. Rxc5 Rd8 31. Rdc2 Rd6 32. Kh2 Ng5 33. R5c3 Ne4 34. Rc4 Nd2 35. Rb4+ Kc8 36. g5 hxg5 37. h4 gxh4 38. Kh3 Nf3 39. Rbc4 Nd4 40. Kxh4 Nxc2 41. Rxc2 Kd7 42. Rc5 Rd5 43. Rc3 Rd4+ 44. Kh5 Be4 0-1


[Site "https://www.chess.com"]

[Event "Titled Tuesday Blitz June 27 Late 2023"]
[White "Tissir, Mohamed"]
[Black "Kavutskiy, Konstantin"]
[WhiteFideId "9000240"]
[BlackFideId "2026384"]
[WhiteElo "2526"]
[BlackElo "2629"]
[Result "0-1"]
[Round "6"]
[TimeControl "180+2"]
[Date "2023.06.27"]
[WhiteClock "0:00:45"]
[BlackClock "0:00:23"]
[Board "65"]

1. e4 c5 2. Nc3 Nc6 3. Bb5 Nd4 4. Bc4 e6 5. Nge2 Nf6 6. O-O a6 7. d3 b5 8. Bb3 Nxb3 9. axb3 Bb7 10. h3 Be7 11. Ng3 Qb6 12. Re1 d5 13. exd5 Nxd5 14. Qg4 g6 15. Nxd5 Bxd5 16. c4 Bc6 17. Bf4 h5 18. Qe2 Qb7 19. f3 O-O 20. Red1 Bf6 21. Be5 Qe7 22. Qe3 h4 23. Ne2 Rfd8 24. Kh1 Bg5 25. Bf4 Bxf4 26. Qxf4 Kg7 27. d4 cxd4 28. Nxd4 Bb7 29. cxb5 axb5 30. Rxa8 Bxa8 31. Qe5+ Qf6 32. Nxe6+ fxe6 33. Qxf6+ Kxf6 34. Rxd8 Bd5 35. b4 Bc4 36. Kg1 Kf5 37. Kf2 Kf6 38. Ke3 Ke5 39. Rh8 g5 40. Rf8 Bd5 41. f4+ gxf4+ 42. Rxf4 Bxg2 43. Rxh4 Kf5 44. Kf2 Bd5 45. Kg3 e5 46. Rh8 e4 47. Rf8+ Ke5 48. Re8+ Kd4 49. Kf4 Bc6 50. h4 Bxe8 0-1


[Site "https://www.chess.com"]

[Event "Titled Tuesday Blitz June 27 Late 2023"]
[White "ArchibaldCerveza29"]
[Black "Chen, Justin"]
[BlackFideId "2098199"]
[WhiteElo "2516"]
[BlackElo "2627"]
[Result "1-0"]
[Round "6"]
[TimeControl "180+2"]
[Date "2023.06.27"]
[WhiteClock "0:01:20"]
[BlackClock "0:01:27"]
[Board "66"]

1. e4 e5 2. Nf3 Nc6 3. Bc4 Bc5 4. O-O Nf6 5. d4 Bxd4 6. Nxd4 Nxd4 7. Bg5 h6 8. Bh4 g5 9. f4 gxh4 10. fxe5 Ne6 11. Rxf6 d6 12. Qh5 Qe7 13. Nc3 c6 14. Raf1 Rf8 15. exd6 Qxd6 16. Rxf7 Rxf7 17. Qxf7+ Kd8 18. Rd1 Nd4 19. Qg7 c5 20. Nb5 Nf3+ 21. Kf2 Qxd1 22. Qc7+ Ke8 23. Nd6+ Kf8 24. Qf7# 1-0


[Site "https://www.chess.com"]

[Event "Titled Tuesday Blitz June 27 Late 2023"]
[White "Piesik, Piotr"]
[Black "Koutsin, Sergey"]
[WhiteFideId "1136194"]
[BlackFideId "14101483"]
[WhiteElo "2621"]
[BlackElo "2516"]
[Result "1-0"]
[Round "6"]
[TimeControl "180+2"]
[Date "2023.06.27"]
[WhiteClock "0:00:08"]
[BlackClock "0:00:00"]
[Board "67"]

1. Nf3 Nf6 2. g3 g6 3. Bg2 d5 4. O-O Bg7 5. d4 O-O 6. c4 c6 7. Nc3 dxc4 8. a4 a5 9. e3 b6 10. Ne5 Nd5 11. Nxc6 Nxc6 12. Bxd5 Bb7 13. Bxc4 Nb4 14. Be2 e5 15. dxe5 Bxe5 16. e4 Bd4 17. Bh6 Re8 18. Bc4 Qf6 19. Nb5 Bxb2 20. Rb1 Bxe4 21. Bxf7+ Qxf7 22. Rxb2 Rad8 23. Qg4 Nd3 24. Re2 Ne5 25. Qxe4 Nf3+ 26. Kg2 Rxe4 27. Rxe4 Nd2 28. Bxd2 Rxd2 29. Kg1 Qd7 30. Rfe1 Rd1 31. Rxd1 Qxd1+ 32. Kg2 Qd5 33. f3 Qd7 34. h4 h5 35. Rf4 Kg7 36. Nd4 Qd5 37. Re4 Kf7 38. Nb5 Qd2+ 39. Kg1 Qd7 40. Kf2 Qd2+ 41. Re2 Qd7 42. Rc2 Kf6 43. Kg2 1-0


[Site "https://www.chess.com"]

[Event "Titled Tuesday Blitz June 27 Late 2023"]
[White "Moral Garcia, Serafin"]
[Black "Osmak, Yuliia"]
[WhiteFideId "2201925"]
[BlackFideId "14101602"]
[WhiteElo "2619"]
[BlackElo "2500"]
[Result "0-1"]
[Round "6"]
[TimeControl "180+2"]
[Date "2023.06.27"]
[WhiteClock "0:00:41"]
[BlackClock "0:01:19"]
[Board "68"]

1. e4 c5 2. Nf3 d6 3. d4 cxd4 4. Nxd4 Nf6 5. Nc3 a6 6. Be3 e6 7. g4 e5 8. Nf5 h5 9. g5 Nxe4 10. Nxg7+ Bxg7 11. Nxe4 d5 12. Ng3 e4 13. c3 Nc6 14. Nxh5 Be5 15. h4 d4 16. cxd4 Nxd4 17. Bg2 Qa5+ 18. Kf1 Qb5+ 19. Ke1 Qb4+ 20. Bd2 Qxb2 21. Rc1 Be6 22. Bxe4 Rd8 23. Qa4+ b5 24. Qd1 Bc4 25. Rh3 Rxh5 26. Qxh5 Nf3+ 0-1


[Site "https://www.chess.com"]

[Event "Titled Tuesday Blitz June 27 Late 2023"]
[White "Mazurkiewicz, Michal"]
[Black "HamedWafa4"]
[WhiteFideId "1124943"]
[WhiteElo "2457"]
[BlackElo "2616"]
[Result "0-1"]
[Round "6"]
[TimeControl "180+2"]
[Date "2023.06.27"]
[WhiteClock "0:00:42"]
[BlackClock "0:01:16"]
[Board "69"]

1. e4 e5 2. Nf3 Nc6 3. Bb5 a6 4. Bxc6 dxc6 5. O-O Bg4 6. h3 Bh5 7. g4 Bg6 8. Nxe5 f6 9. Nxg6 hxg6 10. Qf3 Qd7 11. d3 g5 12. Kg2 Ne7 13. Rh1 Ng6 14. Kf1 O-O-O 15. Qf5 Qxf5 16. gxf5 Ne5 17. Ke2 c5 18. Be3 Rh4 19. Nd2 Bd6 20. Nf3 Nxf3 21. Kxf3 b6 22. Kg2 Be5 23. Rab1 a5 24. Kf3 Kb7 25. Ke2 Rdh8 26. c3 Bd6 27. d4 cxd4 28. Bxd4 Rxe4+ 29. Kf3 Rf4+ 30. Kg2 Rxf5 31. Rbe1 Rf4 32. Re3 Rf5 33. Rd1 g4 34. hxg4 Rh2+ 35. Kf1 Rfxf2+ 36. Ke1 Rxb2 37. Rf3 Rh1+ 38. Rf1 Bg3+ 39. Bf2 Bxf2# 0-1


[Site "https://www.chess.com"]

[Event "Titled Tuesday Blitz June 27 Late 2023"]
[White "Aldokhin, Ivan"]
[Black "Karthik, Advaith"]
[WhiteFideId "24115720"]
[BlackFideId "30946050"]
[WhiteElo "2613"]
[BlackElo "2454"]
[Result "1-0"]
[Round "6"]
[TimeControl "180+2"]
[Date "2023.06.27"]
[WhiteClock "0:00:22"]
[BlackClock "0:00:37"]
[Board "70"]

1. e4 c5 2. Nf3 Nc6 3. d4 cxd4 4. Nxd4 Nf6 5. Nc3 e5 6. Ndb5 d6 7. Nd5 Nxd5 8. exd5 Ne7 9. c4 Ng6 10. Be2 Be7 11. O-O O-O 12. b4 a5 13. bxa5 Rxa5 14. a4 f5 15. Ba3 Nf4 16. c5 dxc5 17. d6 Bf6 18. Bc4+ Kh8 19. Bxc5 Be6 20. Bxe6 Nxe6 21. Bb4 Rxb5 22. axb5 Nd4 23. Bc5 Qd7 24. Bxd4 exd4 25. Qd3 g6 26. Ra7 Rf7 27. Qc4 Kg7 28. Qd5 Qc8 29. Rfa1 d3 30. Rd1 Qb8 31. b6 Rd7 32. Rxd3 Be7 33. Qe6 1-0


[Site "https://www.chess.com"]

[Event "Titled Tuesday Blitz June 27 Late 2023"]
[White "Isajevsky, Anton"]
[Black "Sukandar, Irine Kharisma"]
[WhiteFideId "4142500"]
[BlackFideId "7101937"]
[WhiteElo "2612"]
[BlackElo "2449"]
[Result "0-1"]
[Round "6"]
[TimeControl "180+2"]
[Date "2023.06.27"]
[WhiteClock "0:00:03"]
[BlackClock "0:00:01"]
[Board "71"]

1. c4 Nf6 2. Nc3 e5 3. Nf3 Nc6 4. e3 Bb4 5. Nd5 Bc5 6. Qc2 d6 7. a3 a5 8. b3 Nxd5 9. cxd5 Ne7 10. Nxe5 Nxd5 11. Nf3 O-O 12. Be2 Nf6 13. Bb2 Bb6 14. O-O d5 15. b4 c6 16. Bd4 Bc7 17. b5 Bd7 18. bxc6 bxc6 19. Rfc1 Re8 20. Rab1 Ne4 21. d3 Ng5 22. Nd2 Qe7 23. Nb3 Qd6 24. g3 Qg6 25. Nc5 Bf5 26. Rb7 Bd6 27. Rcb1 h5 28. Qd1 Nh3+ 29. Kg2 Bg4 30. Bf3 Bxf3+ 31. Qxf3 Ng5 32. Qe2 Rac8 33. Rd7 Qf5 34. Rxd6 Qh3+ 35. Kg1 h4 36. Bc3 hxg3 37. fxg3 Qf5 38. Bd4 Nf3+ 39. Kg2 Nxd4 40. Qf2 Qxf2+ 41. Kxf2 Nf5 42. Rd7 Nxe3 43. Rbb7 Ng4+ 44. Kg2 Ne5 45. Re7 Rxe7 46. Rxe7 f6 47. d4 Kf8 48. Ra7 Nf7 49. Ne6+ Kg8 50. Rxa5 Re8 51. Nf4 g5 52. Nh5 Re6 53. Ra7 Nd6 54. g4 Nb5 55. Ra8+ Kf7 56. a4 Nxd4 57. a5 c5 58. a6 Nb5 59. a7 Ra6 60. Rb8 Nxa7 61. Rb7+ Ke6 62. Ng7+ Ke5 63. Nf5 c4 64. Kg3 d4 65. Re7+ Kd5 66. Rd7+ Kc5 67. Rxd4 Nc6 68. Rd6 Ra3+ 69. Kf2 Ra2+ 70. Ke3 Ra3+ 71. Kd2 Ra2+ 72. Kc1 Rxh2 73. Rxf6 Nb4 74. Ne3 c3 75. Rf5+ Kd4 76. Nd1 Na2+ 77. Kb1 c2+ 0-1


[Site "https://www.chess.com"]

[Event "Titled Tuesday Blitz June 27 Late 2023"]
[White "Ai, Evan"]
[Black "Grinev, Valeriy"]
[WhiteFideId "2094770"]
[BlackFideId "14117517"]
[WhiteElo "2438"]
[BlackElo "2610"]
[Result "0-1"]
[Round "6"]
[TimeControl "180+2"]
[Date "2023.06.27"]
[WhiteClock "0:00:49"]
[BlackClock "0:00:42"]
[Board "72"]

1. e4 c5 2. Nf3 Nc6 3. d4 cxd4 4. Nxd4 e5 5. Nb5 d6 6. N1c3 a6 7. Na3 b5 8. Nd5 Nf6 9. Bg5 Be7 10. Bxf6 Bxf6 11. c4 b4 12. Nc2 a5 13. g3 Bg5 14. h4 Bh6 15. Bg2 O-O 16. O-O Be6 17. b3 Ne7 18. Nce3 Bxe3 19. Nxe3 Qb6 20. Qd3 Rfd8 21. f4 f6 22. Kh2 Nc6 23. Nd5 Bxd5 24. exd5 Nd4 25. Be4 h6 26. fxe5 dxe5 27. Rac1 Qc5 28. Bh7+ Kh8 29. Qg6 Ra6 30. Rce1 Qd6 31. Qd3 Ra7 32. Bg6 a4 33. Re4 axb3 34. axb3 Ra2+ 35. Kh3 Qd7+ 36. g4 Rb2 37. Rb1 Rxb1 38. Qxb1 f5 39. Rxe5 fxg4+ 40. Kg2 Rf8 41. Qe4 Nf3 42. Re7 Nxh4+ 43. Kg3 Qd6+ 44. Kxh4 Qh2+ 45. Kxg4 Qg1+ 46. Kh3 Qf1+ 47. Kh2 Rf2+ 48. Kg3 Qg1+ 49. Kh4 Rh2# 0-1


[Site "https://www.chess.com"]

[Event "Titled Tuesday Blitz June 27 Late 2023"]
[White "Guzman Moneo, Alberto"]
[Black "Gubajdullin, Alexei"]
[WhiteFideId "2209616"]
[BlackFideId "4141202"]
[WhiteElo "2394"]
[BlackElo "2606"]
[Result "0-1"]
[Round "6"]
[TimeControl "180+2"]
[Date "2023.06.27"]
[WhiteClock "0:00:00"]
[BlackClock "0:00:37"]
[Board "73"]

1. e4 g6 2. d4 d6 3. Nf3 Bg7 4. Bc4 Nf6 5. Qe2 O-O 6. Bb3 c6 7. Bg5 d5 8. e5 Ne4 9. Be3 b6 10. Nbd2 Ba6 11. c4 f5 12. Nxe4 dxe4 13. Ng5 Qc8 14. c5+ Kh8 15. Bc4 h6 16. h4 f4 17. h5 fxe3 18. hxg6 exf2+ 19. Kf1 Bxc4 20. Qxc4 Qa6 21. Rc1 bxc5 22. dxc5 Qxc4+ 23. Rxc4 Nd7 24. Nf7+ Kg8 25. Rxe4 Nxc5 26. Rc4 Nd3 27. Rxc6 Nxe5 28. Nxe5 Bxe5 29. Rxh6 Rad8 30. Rc1 Rd2 31. Rh3 Rxb2 32. a4 Rd8 33. Rf3 Bd4 34. Rd1 e5 35. g4 Rdb8 36. Kg2 Rb1 37. Rfd3 Rxd1 38. Rxd1 Rb2 39. Kf3 Rb3+ 40. Ke4 Re3+ 41. Kf5 Re1 42. Rxd4 exd4 0-1


[Site "https://www.chess.com"]

[Event "Titled Tuesday Blitz June 27 Late 2023"]
[White "Sun, Rick"]
[Black "Bernado Lopez, Roger"]
[WhiteFideId "30909481"]
[BlackFideId "24585009"]
[WhiteElo "2606"]
[BlackElo "2360"]
[Result "0-1"]
[Round "6"]
[TimeControl "180+2"]
[Date "2023.06.27"]
[WhiteClock "0:00:00"]
[BlackClock "0:00:17"]
[Board "74"]

1. d4 d5 2. Nc3 e6 3. Bf4 Bb4 4. e3 Nf6 5. Bd3 c5 6. dxc5 Nbd7 7. Nf3 Nxc5 8. O-O O-O 9. Ne2 Nxd3 10. cxd3 b6 11. Qa4 Be7 12. Rfc1 Qd7 13. Qb3 Ba6 14. Rc7 Qd8 15. Rac1 Nh5 16. R7c2 Nxf4 17. Nxf4 Bd6 18. d4 Qd7 19. Ne5 Bxe5 20. dxe5 Rfc8 21. Qa3 Rxc2 22. Rxc2 Rc8 23. Rxc8+ Qxc8 24. h4 h6 25. Kh2 Qb7 26. Qd6 Bb5 27. g4 Qd7 28. Qb8+ Kh7 29. g5 hxg5 30. hxg5 Qe7 31. Nh3 Bf1 32. Qd6 Qxd6 33. g6+ Kxg6 0-1


[Site "https://www.chess.com"]

[Event "Titled Tuesday Blitz June 27 Late 2023"]
[White "Vdovin, Vadim"]
[Black "Skaric, Djuro"]
[WhiteFideId "24107158"]
[BlackFideId "934569"]
[WhiteElo "2602"]
[BlackElo "2351"]
[Result "1-0"]
[Round "6"]
[TimeControl "180+2"]
[Date "2023.06.27"]
[WhiteClock "0:00:10"]
[BlackClock "0:00:09"]
[Board "75"]

1. e4 d6 2. d4 g6 3. Nc3 Bg7 4. Nf3 Nf6 5. Bg5 O-O 6. Qd2 Nc6 7. O-O-O a6 8. Bh6 Ng4 9. Bxg7 Kxg7 10. h3 Nf6 11. g4 h5 12. Qg5 Rh8 13. e5 Nh7 14. Qf4 Nf8 15. d5 dxe5 16. Qe3 Nb8 17. Nxe5 hxg4 18. Bc4 Qd6 19. hxg4 Rxh1 20. Rxh1 Kg8 21. Rh8+ Kxh8 22. Nxf7+ Kg7 23. Nxd6 exd6 24. Qe7+ Kg8 25. Ne4 Nbd7 26. Ng5 Ne5 27. f4 Bd7 28. fxe5 Re8 29. Qf7+ Kh8 30. e6 Ba4 31. Bd3 1-0


[Site "https://www.chess.com"]

[Event "Titled Tuesday Blitz June 27 Late 2023"]
[White "ATM622"]
[Black "Coelho, Ramyres Santana"]
[BlackFideId "2120690"]
[WhiteElo "2598"]
[BlackElo "2317"]
[Result "0-1"]
[Round "6"]
[TimeControl "180+2"]
[Date "2023.06.27"]
[WhiteClock "0:00:11"]
[BlackClock "0:00:07"]
[Board "76"]

1. d4 Nf6 2. c4 g6 3. g3 Bg7 4. Bg2 O-O 5. Nf3 d6 6. O-O Nc6 7. Nc3 e5 8. d5 Ne7 9. e4 Nd7 10. b4 a5 11. b5 b6 12. Re1 h6 13. Bb2 f5 14. exf5 gxf5 15. Nh4 Nf6 16. f4 e4 17. Ne2 Qe8 18. Nd4 Ng4 19. h3 Nf6 20. Rc1 Kh7 21. Kh2 Rg8 22. Rg1 Nh5 23. Bf1 Bf6 24. Be2 Nxg3 25. Rxg3 Bxh4 26. Rxg8 Qxg8 27. Qg1 Ng6 28. Rf1 Bd7 29. Bh5 Nxf4 30. Rxf4 Qxg1+ 31. Kxg1 Rg8+ 32. Kh1 Bg3 33. Rf1 f4 34. Bf7 Rg5 35. Be6 Be8 36. Bf5+ Bg6 37. Bxg6+ Kxg6 38. Bc1 e3 39. Nf3 e2 40. Rg1 Bf2 41. Nxg5 Bxg1 42. Nf3 Bf2 43. Bxf4 e1=Q+ 44. Nxe1 Bxe1 45. c5 bxc5 46. Bxd6 Bb4 47. b6 cxb6 48. Bc7 Kf7 49. Bxb6 Ke7 50. Bc7 Kd7 51. Bf4 c4 52. Kg2 c3 53. Kf3 Bd6 54. Bxh6 Be5 55. Ke2 Kd6 56. Kd3 Kxd5 57. Be3 Bh8 58. h4 Ke6 59. Bd4 Bxd4 60. Kc2 Be5 61. Kd3 Kf5 62. h5 Bh8 63. Kc2 Kg5 64. Kb3 Kxh5 65. Kc2 Kg6 66. Kb3 Kf5 67. Kc2 Ke5 68. Kb3 Kd4 69. Kc2 Kc4 70. Kb1 Kd3 71. Kc1 Bf6 72. a4 Bg5+ 73. Kb1 c2+ 74. Ka2 c1=Q 75. Kb3 Qc3+ 76. Ka2 Qb4 77. Ka1 Kc2 78. Ka2 Qb2# 0-1


[Site "https://www.chess.com"]

[Event "Titled Tuesday Blitz June 27 Late 2023"]
[White "Bruedigam, Martin"]
[Black "Matinian, Nikita"]
[WhiteFideId "24608033"]
[BlackFideId "24129100"]
[WhiteElo "2530"]
[BlackElo "2722"]
[Result "0-1"]
[Round "6"]
[TimeControl "180+2"]
[Date "2023.06.27"]
[WhiteClock "0:00:07"]
[BlackClock "0:00:49"]
[Board "77"]

1. d4 Nf6 2. c4 g6 3. f3 Bg7 4. e4 O-O 5. Nc3 d6 6. Be3 Nc6 7. Qd2 a6 8. Nge2 Re8 9. Rb1 b5 10. cxb5 axb5 11. Nxb5 Rxa2 12. Na3 e5 13. d5 Nd4 14. Nc1 Rxa3 15. bxa3 Nh5 16. Bd3 f5 17. O-O f4 18. Bxd4 exd4 19. Rb8 Qe7 20. Ne2 g5 21. Qa5 Be5 22. Qa8 Bd7 23. Rc1 g4 24. Rxc7 Nf6 25. Rxe8+ Nxe8 26. Qc8 Qh4 0-1


[Site "https://www.chess.com"]

[Event "Titled Tuesday Blitz June 27 Late 2023"]
[White "Vovk, Orest"]
[Black "Velikanov, Alexander"]
[WhiteFideId "14113490"]
[BlackFideId "2039290"]
[WhiteElo "2505"]
[BlackElo "2677"]
[Result "1-0"]
[Round "6"]
[TimeControl "180+2"]
[Date "2023.06.27"]
[WhiteClock "0:00:07"]
[BlackClock "0:00:00"]
[Board "78"]

1. g4 g6 2. g5 h6 3. gxh6 Nxh6 4. d4 d5 5. Nf3 Nc6 6. Nc3 Bg7 7. Bf4 Bg4 8. Bg2 Nf5 9. e3 Nh4 10. Rg1 e5 11. dxe5 Bxe5 12. Bh1 Bxf3 13. Bxf3 Bxf4 14. exf4 Qe7+ 15. Kd2 O-O-O 16. Bh1 d4 17. Ne4 Nf5 18. Qf3 d3 19. c3 Rxh2 20. Rae1 Ncd4 21. cxd4 Qb4+ 22. Kc1 Rxd4 23. Nd2 Rd6 24. Kb1 Rb6 25. Nb3 a5 26. Qxd3 Kb8 27. Re4 Qf8 28. Rge1 Ka7 29. Ra4 1-0


[Site "https://www.chess.com"]

[Event "Titled Tuesday Blitz June 27 Late 2023"]
[White "Veiga, Jose Francisco R P Neves"]
[Black "Czerw, Dawid"]
[WhiteFideId "1930087"]
[BlackFideId "1145746"]
[WhiteElo "2669"]
[BlackElo "2501"]
[Result "0-1"]
[Round "6"]
[TimeControl "180+2"]
[Date "2023.06.27"]
[WhiteClock "0:00:00"]
[BlackClock "0:00:10"]
[Board "79"]

1. c4 c6 2. Nc3 d5 3. d4 Nf6 4. Nf3 a6 5. c5 b6 6. cxb6 Qxb6 7. Na4 Qc7 8. g3 e6 9. Bf4 Bd6 10. Bxd6 Qxd6 11. Bg2 Qb4+ 12. Kf1 Nbd7 13. a3 Qb5 14. Rc1 O-O 15. h3 a5 16. Kg1 Ba6 17. Bf1 Qb7 18. Kg2 Bb5 19. Nc3 Bc4 20. Qd2 Rfb8 21. Rc2 c5 22. e3 cxd4 23. Qxd4 Bxf1+ 24. Rxf1 e5 25. Qd1 e4 26. Nd4 Ne5 27. Qe2 h5 28. Rd1 h4 29. g4 g6 30. g5 Nh7 31. Ndb5 Nxg5 32. Rxd5 Nef3 33. Nd6 Qd7 34. Nf5 Qe6 35. Nh6+ Kg7 36. Ng4 f5 37. Nh2 Rf8 38. Qd1 Ra7 39. Nxf3 Nxf3 40. Ne2 Qf6 41. Nf4 Qg5+ 42. Kf1 Qg1+ 43. Ke2 Qh2 44. Rd7+ Rxd7 45. Qxd7+ Kh6 46. Ne6 Rg8 47. Qf7 Ng1+ 48. Ke1 Nf3+ 49. Ke2 Qg1 50. Rc1 Qxc1 0-1


[Site "https://www.chess.com"]

[Event "Titled Tuesday Blitz June 27 Late 2023"]
[White "Goryachkina, Aleksandra"]
[Black "Yeritsyan, Hayk"]
[WhiteFideId "4147103"]
[BlackFideId "13307320"]
[WhiteElo "2658"]
[BlackElo "2497"]
[Result "1-0"]
[Round "6"]
[TimeControl "180+2"]
[Date "2023.06.27"]
[WhiteClock "0:00:44"]
[BlackClock "0:00:00"]
[Board "80"]

1. e4 c6 2. d4 d5 3. exd5 cxd5 4. Bd3 Nf6 5. h3 Bd7 6. Nf3 Nc6 7. O-O Nb4 8. Be2 Bf5 9. Na3 e6 10. Bb5+ Nc6 11. Ne5 Qb6 12. c4 Bxa3 13. bxa3 O-O 14. Bg5 dxc4 15. Bxc6 bxc6 16. Bxf6 gxf6 17. Nd7 Qb5 18. a4 Qa5 19. Qh5 Qc7 20. Nxf8 Rxf8 21. Rac1 Rd8 22. Qh4 Bd3 23. Rfe1 f5 24. Re3 Kf8 25. Qxh7 Ke7 26. Qh4+ Kd7 27. Qf6 Rf8 28. Rxe6 fxe6 29. Qxf8 Qd6 30. Qg7+ Qe7 31. Qh8 Qd6 32. a5 Qe7 33. a6 Qd6 34. Qa8 Qc7 35. h4 Kd6 36. h5 Qg7 37. Qd8+ Qd7 38. Qxd7+ Kxd7 39. h6 f4 40. Rxc4 1-0


[Site "https://www.chess.com"]

[Event "Titled Tuesday Blitz June 27 Late 2023"]
[White "StiffMaster1"]
[Black "cafu1950"]
[WhiteElo "2496"]
[BlackElo "2624"]
[Result "0-1"]
[Round "6"]
[TimeControl "180+2"]
[Date "2023.06.27"]
[WhiteClock "0:00:01"]
[BlackClock "0:00:11"]
[Board "81"]

1. e4 e6 2. d4 d5 3. Nd2 c5 4. Ngf3 cxd4 5. exd5 Qxd5 6. Bc4 Qd7 7. O-O a6 8. Qe2 Nc6 9. Rd1 Nf6 10. Nb3 Qc7 11. Bg5 Be7 12. Nbxd4 Nxd4 13. Nxd4 O-O 14. Bd3 Rd8 15. c3 Bd7 16. Nf5 exf5 17. Qxe7 Ng4 18. g3 Re8 19. Qb4 Bc6 20. Bxf5 Ne5 21. Bf4 Nf3+ 22. Kf1 Nxh2+ 23. Kg1 Nf3+ 24. Kf1 Qe7 25. Qxe7 Rxe7 26. Be3 Rae8 27. Ke2 Ne5 28. Rd4 g6 29. Be4 Bb5+ 30. Ke1 Nc4 31. Bf3 Nxe3 32. fxe3 Rxe3+ 33. Kf2 Rd3 34. Rxd3 Bxd3 35. Rd1 Bf5 36. Bxb7 Rb8 37. Bxa6 Rxb2+ 38. Ke3 Rxa2 39. Rc1 Rxa6 0-1


[Site "https://www.chess.com"]

[Event "Titled Tuesday Blitz June 27 Late 2023"]
[White "Reprintsev, Alexander"]
[Black "Martinez Ramirez, Lennis"]
[WhiteFideId "14100541"]
[BlackFideId "3509079"]
[WhiteElo "2484"]
[BlackElo "2622"]
[Result "1-0"]
[Round "6"]
[TimeControl "180+2"]
[Date "2023.06.27"]
[WhiteClock "0:00:14"]
[BlackClock "0:00:07"]
[Board "82"]

1. e4 c6 2. Nc3 d5 3. Nf3 dxe4 4. Nxe4 Nd7 5. Qe2 Ndf6 6. Ng3 Bg4 7. h3 Bxf3 8. Qxf3 Qd5 9. Qb3 Qxb3 10. axb3 g6 11. c3 Bg7 12. b4 e5 13. b5 c5 14. b6 a6 15. Bb5+ Nd7 16. Ne4 Ke7 17. Bxd7 Kxd7 18. Nxc5+ Kc6 19. Na4 e4 20. d4 exd3 21. Be3 Rd8 22. Kd2 Nf6 23. f3 Nd5 24. Rhe1 Nxe3 25. Kxe3 Rhe8+ 26. Kf2 Bh6 27. Re4 d2 28. Rc4+ Kd5 29. Rd4+ Kc6 30. Rc4+ Kd6 31. Rd1 Be3+ 32. Kf1 f5 33. g3 Re5 34. f4 Rb5 35. Ke2 Re8 36. Rxd2+ Bxd2+ 37. Kxd2 Rd5+ 38. Kc2 Re2+ 39. Kb3 Re4 40. Rc7 Rb5+ 41. Ka3 Rxb6 42. Rxh7 Rb5 43. Rg7 Re6 44. c4 Re3+ 45. Ka2 Rb4 46. Rxg6+ Kc7 47. Nc3 Kb8 48. c5 Rc4 49. h4 Rxc5 50. h5 Rc8 51. h6 Rh8 52. Nd5 Re2 53. Nf6 Rh2 54. h7 Ka7 55. Rg7 Rh6 56. Rf7 a5 57. Kb3 Ka6 58. Kc4 b5+ 59. Kd5 a4 60. Ke5 b4 61. Rd7 Ka5 62. Kxf5 a3 63. bxa3 bxa3 64. Ra7+ Kb4 65. g4 Kb3 66. g5 Rh1 67. g6 a2 68. g7 R8xh7 69. Nxh7 Rxh7 70. g8=Q+ Kb2 71. Qxa2+ Kc3 72. Rxh7 Kb4 73. Rb7+ Kc5 74. Qc2+ Kd6 75. Rb6+ Ke7 76. Qc7+ Ke8 77. Rb8# 1-0


[Site "https://www.chess.com"]

[Event "Titled Tuesday Blitz June 27 Late 2023"]
[White "Remolar Gallen, Jose"]
[Black "Vaibhav Jayant Raut"]
[WhiteFideId "2215187"]
[BlackFideId "5089034"]
[WhiteElo "2457"]
[BlackElo "2622"]
[Result "0-1"]
[Round "6"]
[TimeControl "180+2"]
[Date "2023.06.27"]
[WhiteClock "0:00:00"]
[BlackClock "0:00:13"]
[Board "83"]

1. e4 c5 2. Nf3 e6 3. d4 cxd4 4. Nxd4 a6 5. Nc3 Qc7 6. Bd3 Nf6 7. O-O Be7 8. Qe2 d6 9. Bg5 Nbd7 10. a4 b6 11. Bc4 Ne5 12. Bb3 h6 13. Bh4 g5 14. Bg3 Bb7 15. Rad1 h5 16. f4 gxf4 17. Bxf4 Rg8 18. Kh1 h4 19. Nxe6 fxe6 20. Bxe6 Rh8 21. Bxe5 dxe5 22. Rxf6 Bxf6 23. Rd7 Qxd7 24. Bxd7+ Kxd7 25. a5 b5 26. Qg4+ Kc7 27. Qe6 Raf8 28. Qb6+ Kc8 29. Nd5 Bd8 30. Qc5+ Kd7 31. h3 Bxa5 32. c4 Rf7 33. b4 Rc8 34. Qa7 Ke8 35. bxa5 Bxd5 36. Qxa6 Bb7 37. Qxb5+ Bc6 38. Qxe5+ Kd7 39. Qg5 Bxe4 40. Qg4+ Bf5 41. Qxh4 Rg8 42. Qd4+ Ke6 43. Qd5+ Kf6 44. Qd6+ Kg7 45. Qe5+ Kg6 46. g4 Bd7 47. Qd6+ Kg7 48. Qe5+ Kh7 49. Qe4+ Kg7 50. Qd4+ Kh6 51. Qd6+ Rg6 52. Qd2+ Kh7 53. Qd5 Bc6 0-1


[Site "https://www.chess.com"]

[Event "Titled Tuesday Blitz June 27 Late 2023"]
[White "Bitoon, Richard"]
[Black "Kisic, Bozidar"]
[WhiteFideId "5201110"]
[BlackFideId "16500350"]
[WhiteElo "2579"]
[BlackElo "2456"]
[Result "1-0"]
[Round "6"]
[TimeControl "180+2"]
[Date "2023.06.27"]
[WhiteClock "0:00:27"]
[BlackClock "0:00:00"]
[Board "84"]

1. e4 g6 2. d4 Bg7 3. Nc3 d6 4. Bc4 a6 5. a4 b6 6. h4 h6 7. Nf3 e6 8. h5 g5 9. Qe2 Bb7 10. Bd2 Nd7 11. Ba2 Ne7 12. O-O-O Nf6 13. e5 Nfd5 14. Ne4 Qd7 15. c4 Qxa4 16. Bb1 Nf4 17. Bxf4 gxf4 18. exd6 Nf5 19. dxc7 Rc8 20. Nc3 Qa5 21. d5 O-O 22. Bxf5 exf5 23. d6 Bxc3 24. bxc3 Be4 25. Qb2 b5 26. d7 Qxc7 27. dxc8=Q Rxc8 28. Nd2 Bd3 29. cxb5 axb5 30. Nb3 Bc4 31. Nd4 Ra8 32. Rhe1 Ra2 33. Re8+ Kh7 34. Qb4 Qa7 35. Qf8 Ra1+ 36. Kd2 Qa2+ 37. Nc2 Rxd1+ 38. Kxd1 1-0


[Site "https://www.chess.com"]

[Event "Titled Tuesday Blitz June 27 Late 2023"]
[White "Pinto, Daniel"]
[Black "Janaszak, Dawid"]
[WhiteFideId "3303144"]
[BlackFideId "1119206"]
[WhiteElo "2422"]
[BlackElo "2571"]
[Result "0-1"]
[Round "6"]
[TimeControl "180+2"]
[Date "2023.06.27"]
[WhiteClock "0:00:00"]
[BlackClock "0:00:37"]
[Board "85"]

1. e4 c5 2. Nf3 Nc6 3. Bb5 e5 4. O-O Nge7 5. a4 g6 6. Nc3 Bg7 7. Bc4 O-O 8. Ng5 h6 9. Nxf7 Rxf7 10. Bxf7+ Kxf7 11. f4 exf4 12. Rxf4+ Kg8 13. d3 d5 14. Bd2 g5 15. Rf1 Be6 16. exd5 Nxd5 17. Ne4 Nf6 18. Nxf6+ Bxf6 19. Bc3 Bd4+ 20. Kh1 Qd5 21. Qh5 Kg7 22. Rae1 Bf7 23. Qg4 Rf8 24. h4 h5 25. Qxg5+ Qxg5 26. hxg5 Bd5 27. Rxf8 Kxf8 28. Bxd4 cxd4 29. c3 Kf7 30. Kh2 Kg6 31. cxd4 Kxg5 32. b4 Bb3 33. b5 Nxd4 34. Re4 Nf5 35. Rb4 Bc2 36. d4 Be4 0-1


[Site "https://www.chess.com"]

[Event "Titled Tuesday Blitz June 27 Late 2023"]
[White "Ambartsumova, Karina"]
[Black "Davidson, Kevin"]
[WhiteFideId "4166299"]
[BlackFideId "2056810"]
[WhiteElo "2560"]
[BlackElo "2377"]
[Result "1-0"]
[Round "6"]
[TimeControl "180+2"]
[Date "2023.06.27"]
[WhiteClock "0:00:43"]
[BlackClock "0:00:02"]
[Board "86"]

1. Nf3 Nf6 2. c4 g6 3. Nc3 Bg7 4. e4 d6 5. d4 O-O 6. h3 Na6 7. Be2 e5 8. d5 Nc5 9. Nd2 a5 10. Qc2 Ne8 11. g4 f5 12. gxf5 gxf5 13. Rg1 Kh8 14. Nb3 Nxe4 15. Nxe4 fxe4 16. Qxe4 Bf5 17. Qg2 a4 18. Bg5 Nf6 19. Nd2 Qe8 20. a3 Qf7 21. O-O-O Rg8 22. Be3 Bg6 23. Bg4 Nxg4 24. hxg4 Raf8 25. Ne4 Qf3 26. Qxf3 Rxf3 27. Ng5 Rf6 28. Rh1 Be4 29. Nxe4 1-0


[Site "https://www.chess.com"]